AoeStats
← [GDL]CemenTox

Migration

505804355Analyzed
1v1 RM · 19d ago on Sep 11, 2026· 42m 26s· 2 players
Game mode
Random Map
Map size
132×132
Population
200
Speed
Normal
Resources
Standard
Victory
Conquest
Starting age
Dark Age
Ending age
Imperial Age
RankedLock teamsTeams togetherTeam positionsShared explorationLock speedFull tech treeHidden civsTurbo modeCheats
Victory
Defeat
🇲🇽 Mapuche · Mexico
1821
+9
🇦🇺 Vietnamese · Australia
1670
-9
[GDL]CemenTox
12:56 Feudal Age
14:17 Double-Bit Axe
14:23 Gold Mining
16:37 Castle Age
14:20 Fishing Lines
15:08 Forging
14:54 Gold Mining
15:41 Town Watch
15:41 Loom
17:33 Medium Warships
17:40 Bow Saw
18:09 Gold Shaft Mining
18:45 Iron Casting
18:11 Gillnets
19:33 Scale Mail Armor
20:28 Wheelbarrow
21:01 Chain Mail Armor
20:57 Fletching
22:11 Bodkin Arrow
22:38 Champi Runner
23:58 Champi Warrior
24:24 Arson
24:25 Horse Collar
24:40 Stone Mining
25:55 Pikeman
34:33 Hand Cart
37:18 Heavy Plow
38:39 Heresy
40:50 Imperial Age
39:20 Stone Shaft Mining
42:16 Plate Mail Armor
42:33 Heavy Warships
41:48 Elite Champi Warrior
43:55 Blast Furnace
PowerBug96
12:44 Feudal Age
13:23 Fishing Lines
16:15 Castle Age
15:09 Double-Bit Axe
15:50 Fletching
16:54 Forging
17:14 Medium Warships
18:10 Gillnets
20:01 Bow Saw
19:44 Gold Mining
21:29 Loom
27:52 Horse Collar
29:52 Wheelbarrow
30:34 Chatras
31:16 Bodkin Arrow
31:28 Husbandry
31:57 Atonement
33:02 Scale Barding Armor
33:01 Murder Holes
33:55 Town Watch
34:25 Hand Cart
38:28 Imperial Age
37:24 Chain Barding Armor
37:59 Iron Casting
38:15 Heavy Plow
39:26 Ballistics
40:42 Chemistry
40:33 Crop Rotation
43:14 Plate Barding Armor
42:40 Bracer
Connection lost

Rejoining the realm…

Still unreachable

The connection could not be restored.

Session expired

The server has moved on; the page needs a fresh start.